 Dungeon Crawl Stone Soup version 0.18.1-1-g2f07953 (webtiles) character file.

67 Eucla the Slasher (level 4, 0/27 HPs)
             Began as a Tengu Skald on May 8, 2016.
             Slain by an orc wizard
             ... wielding a +2 dagger of electrocution
              (10 damage)
             ... on level 3 of the Dungeon.
             The game lasted 00:02:45 (1912 turns).

Eucla the Slasher (Tengu Skald)                     Turns: 1912, Time: 00:02:46

Health: 0/27       AC:  5    Str: 13    XL:     4   Next: 16%
Magic:  5/8        EV: 11    Int: 12    God:
Gold:   117        SH:  0    Dex: 14    Spells: 3 memorised, 1 level left

rFire  . . .     SeeInvis .     a - +0 falchion
rCold  . . .     Gourm    .     b - +0 leather armour
rNeg   . . .     Faith    .     (no shield)
rPois  .         Spirit   .     (helmet restricted)
rElec  .         Dismiss  .     e - +1 cloak
rCorr  .         Reflect  .     (no gloves)
SustAt .         Harm     .     (boots unavailable)
MR     .....                    (no amulet)
Stlth  +.........               (no ring)
                                (no ring)

@: infused, not resistant to hostile enchantments, very unstealthy
A: beak, talons 3
a: no special abilities


You were on level 3 of the Dungeon.
You were very hungry.

You visited 1 branch of the dungeon, and saw 3 of its levels.

You collected 117 gold pieces.

Inventory:

Hand Weapons
 a - a +0 falchion (weapon)
Armour
 b - a +0 leather armour (worn)
 e - a +1 cloak (worn)
Scrolls
 f - a scroll of fog {unknown}
 g - 2 scrolls of identify {unknown}
 h - 2 scrolls of blinking {unknown}
 j - a scroll of teleportation {unknown}
 k - 2 scrolls of remove curse {unknown}
 l - a scroll of enchant armour {unknown}
 o - a scroll of fear {unknown}
Potions
 i - a potion of berserk rage {unknown}
 m - 2 potions of curing {unknown}
 n - a potion of brilliance {unknown}
Books
 c - a book of Battle

   Spells                             Type                      Level
   a - Infusion                       Charms                       1
   b - Shroud of Golubria             Charms/Translocation         2
   c - Song of Slaying                Charms                       2
   d - Spectral Weapon                Hexes/Charms                 3
   e - Regeneration                   Charms/Necromancy            3
Comestibles
 d - 2 bread rations


   Skills:
 + Level 2.8 Fighting
 * Level 4.1 Long Blades
 - Level 1.1 Armour
 - Level 1.1 Dodging
 - Level 2.0 Spellcasting
 - Level 2.4 Charms


You had one spell level left.
You knew the following spells:

 Your Spells              Type           Power        Failure   Level  Hunger
a - Infusion              Chrm           #...         17%         1    ##.....
b - Shroud of Golubria    Chrm/Tloc      #.........   34%         2    ###....
c - Spectral Weapon       Hex/Chrm       #.......     71%         3    ####...


Dungeon Overview and Level Annotations

Branches:
Dungeon (3/15)

Altars:
Sif Muna
Zin


Innate Abilities, Weirdness & Mutations

You have a beak for a mouth.
You have claws for feet.


Message History

Casting: Infusion
Confirm with . or Enter, or press ? or * to list all spells.
You begin infusing your attacks with magical energy.
The orc misses you.
You hit the orc.
You kill the orc!
You hear some strange, mumbled words.
A puff of flame appears from out of thin air!
The puff of flame misses you. Something barely misses you.
The orc throws a poisoned tomahawk.
The poisoned tomahawk barely misses you.
Items here: ( ) †† a poisoned tomahawk; a short sword; an orc corpse; a bat corpse You hit something.
Something hits you but does no damage.
The orc throws a poisoned tomahawk.
The poisoned tomahawk barely misses you.
Unknown command.
You completely miss something. You claw something.
Something hits you but does no damage.
You are electrocuted!
You die...

#... #......# ....
#......# ##. ..##.....
....{#)...# #.#.######
..........# #....^....
?#.#.#.#..###
###......... #.#oo..+
........... #.##.###+#
#......... #. #@# #.#
#......... ..
#.###.###.........
#####...........<>....
.........#.####........
.......................
.#########.#...........
#.#......###+#
##+#..........#
............####


You could see 2 orcs.

Vanquished Creatures
  An adder (D:2)
  A worm (D:2)
  2 dart slugs
  A giant gecko (D:1)
  An orc (D:3)
  8 bats
  2 giant cockroaches
  8 hobgoblins
  6 jackals
  5 kobolds
  A ball python (D:2)
  5 goblins
  5 rats
46 creatures vanquished.

Notes
Turn   | Place    | Note
--------------------------------------------------------------
     0 | D:1      | Eucla the Tengu Skald began the quest for the Orb.
     0 | D:1      | Reached XP level 1. HP: 12/12 MP: 4/4
   171 | D:1      | Reached XP level 2. HP: 17/17 MP: 6/6
   595 | D:1      | Reached skill level 3 in Long Blades
   705 | D:2      | Reached XP level 3. HP: 14/22 MP: 3/7
  1133 | D:2      | Found a glowing silver altar of Zin.
  1306 | D:2      | Learned a level 2 spell: Shroud of Golubria
  1310 | D:2      | Learned a level 3 spell: Spectral Weapon
  1630 | D:2      | Reached skill level 4 in Long Blades
  1630 | D:2      | Reached XP level 4. HP: 27/27 MP: 8/8
  1685 | D:2      | Found a deep blue altar of Sif Muna.
  1912 | D:3      | Slain by an orc wizard

Skill      XL: |  1  2  3 |
---------------+----------+-----
Long Blades    | 3 4 |  4.1
Fighting       | |  2.8
Armour         | |  1.1
Dodging        | |  1.1
Spellcasting   | |  2.0
Charms         | |  2.4

Action                   |  1- 3 |  4- 6 || total
-------------------------+-------+-------++-------
Melee: Falchion          |   101 |    30 ||   131
       Peck              |    12 |     3 ||    15
       Kick              |    20 |     9 ||    29
 Cast: Infusion          |     1 |     1 ||     2
 Stab: Sleeping          |     1 |       ||     1
  Eat: Chunk             |     2 |       ||     2
Armor: Leather armour    |    42 |    17 ||    59
Dodge: Dodged            |    83 |    38 ||   121
